Map: Jagannatha LE

Players

Denver

  • Race: Zerg Zerg
  • League: Master

DnS - Winner!

  • Race: Protoss Protoss
  • League: Master

Event: DreamHack SC2 Masters 2021 Summer

VOD

Have the link to the VOD?

Description

Time

  • Played on: May 23, 2021, 12:04 p.m.
  • Length: 13:30

All games in this series

Show
View Real Time Build Order
Export as new Build Order

Denver Zerg 

Build Orders: Hatch First 

Get SALT Encoding   

  12  0:00  Drone  
  13  0:12  Overlord  
  13  0:16  Drone  
  14  0:30  Drone x2  
  16  0:49  Hatchery  
  15  0:52  Drone  
  15  0:56  Drone  
  17  1:00  Drone  
  18  1:10  Extractor  
  17  1:15  Spawning Pool  
  16  1:18  Drone  
  16  1:21  Drone  
  18  1:27  Drone  
  19  1:39  Drone  
  20  1:50  Overlord  
  20  2:01  Queen x2  
  20  2:02  Zergling x2  
  20  2:04  Zergling x2  
  26  2:11  Metabolic Boost  
  26  2:15  Drone  
  26  2:17  Drone  
  28  2:25  Drone x2  
  30  2:36  Drone x2  
  32  2:45  Hatchery  
  32  2:48  Drone  
  32  2:51  Overlord  
  32  2:57  Zergling x4  
  34  3:02  Queen  
  36  3:09  Overlord  
  36  3:14  Drone x3  
  36  3:18  Overlord  
  37  3:20  Drone  
  37  3:26  Queen  
  38  3:30  Overlord  
  38  3:33  Spore Crawler  
  39  3:35  Drone  
  39  3:38  Drone  
  39  3:39  Drone  
  42  3:44  Drone  
  43  3:51  Drone  
  43  3:52  Queen  
  43  3:55  Spore Crawler  
  45  3:56  Drone  
  46  4:04  Zergling x4  
  46  4:07  Spore Crawler  
  46  4:08  Drone x2  
  49  4:12  Queen  
  49  4:13  Drone  
  52  4:20  Drone  
  52  4:21  Drone x3  
  52  4:23  Drone  
  57  4:30  Roach Warren  
  56  4:31  Drone  
  56  4:32  Drone  
  56  4:39  Drone x3  
  58  4:45  Lair  
  58  4:50  Drone x4  
  61  4:54  Overlord  
  61  4:57  Zergling x4  
  63  5:00  Overlord  
  63  5:05  Drone x3  
  63  5:06  Overlord  
  66  5:07  Extractor  
  66  5:10  Extractor  
  64  5:15  Drone x6  
  64  5:17  Drone  
  64  5:20  Drone x2  
  64  5:21  Drone  
  73  5:24  Extractor  
  73  5:27  Drone x4  
  76  5:30  Drone x2  
  77  5:36  Drone x3  
  80  5:44  Overlord  
  80  5:49  Extractor x2  
  78  5:51  Hatchery, Queen  
  78  5:54  Drone x3, Hydralisk Den  
  78  5:55  Drone  
  83  5:57  Drone  
  83  5:58  Overseer  
  83  6:00  Overlord  
  83  6:06  Overlord  
  83  6:11  Drone  
  83  6:12  Drone  
  83  6:13  Drone x3  
  83  6:14  Drone x2  
  83  6:17  Evolution Chamber, Overlord  
  88  6:20  Drone x6  
  94  6:26  Muscular Augments  
  94  6:29  Hydralisk x2  
  95  6:35  Hydralisk x3  
  100  6:40  Hydralisk x2  
  100  6:44  Queen  
  100  6:46  Zerg Missile Weapons Level 1  
  103  6:50  Hydralisk x2  
  107  6:54  Drone  
  107  6:55  Drone x4  
  107  6:58  Hydralisk  
  114  7:02  Drone  
  114  7:05  Drone x3  
  114  7:07  Baneling Nest  
  117  7:09  Spore Crawler  
  117  7:12  Hydralisk x3  
  122  7:16  Overlord  
  122  7:18  Overlord  
  122  7:27  Drone, Overlord x2  
  123  7:31  Zergling x8  
  123  7:34  Overlord  
  127  7:38  Grooved Spines  
  127  7:39  Overlord  
  127  7:43  Zergling x16  
  134  7:44  Overlord  
  134  7:48  Queen  
  134  7:52  Hydralisk x2  
  134  7:53  Centrifical Hooks  
  138  7:59  Hydralisk  
  138  8:00  Hydralisk x2  
  138  8:04  Hydralisk x2  
  148  8:06  Overlord  
  148  8:09  Hydralisk x2  
  153  8:12  Zergling x2  
  153  8:13  Zergling x6  
  153  8:18  Zergling x12  
  162  8:26  Zergling x2  
  167  8:27  Zergling x12  
  167  8:28  Baneling x7  
  167  8:29  Baneling x4  
  167  8:32  Overlord  
  168  8:35  Hydralisk x3  
  168  8:41  Baneling x9  
  171  8:47  Zergling x12  
  177  8:53  Zerg Ground Armor Level 1  
  177  8:55  Hydralisk x5  
  177  8:58  Overlord  
  187  9:05  Zergling x2  
  187  9:06  Zergling x4  
  187  9:11  Zergling x10  
  191  9:23  Zergling x18  
  159  9:32  Hydralisk x2  
  159  9:33  Hydralisk  
  159  9:36  Queen  
  150  9:39  Hydralisk x3  
  150  9:40  Queen x2  
  150  9:42  Hydralisk  
  143  9:46  Queen  
  143  9:50  Hydralisk x3  
  146  9:57  Hydralisk x2  
  142  10:04  Hydralisk x3  
  147  10:07  Extractor  
  147  10:10  Extractor  
  147  10:11  Hatchery, Zergling x6  
  147  10:12  Queen  
  147  10:15  Queen  
  147  10:17  Overseer  
  147  10:20  Zergling x6  
  152  10:24  Queen  
  152  10:26  Zergling x2  
  152  10:27  Zergling x2  
  156  10:31  Hydralisk x3  
  162  10:36  Queen  
  162  10:37  Overlord  
  162  10:39  Spine Crawler  
  162  10:40  Spine Crawler  
  162  10:45  Hydralisk x3  
  162  10:48  Overlord  
  167  10:53  Zerg Ground Armor Level 2  
  167  10:55  Evolution Chamber  
  166  10:57  Baneling x5  
  166  10:58  Zergling x6  
  166  10:59  Zergling x14  
  176  11:12  Baneling  
  176  11:13  Baneling x10  
  176  11:14  Baneling  
  176  11:16  Zergling x2  
  176  11:17  Zergling x14  
  183  11:26  Infestation Pit  
  183  11:28  Drone x9  
  191  11:38  Drone x4  
  194  11:40  Baneling  
  194  11:41  Baneling x6  
  188  11:49  Baneling x6  
  188  11:50  Baneling x14  
  188  11:51  Baneling x3  
  188  11:52  Baneling  
  188  11:53  Baneling  
  185  11:58  Zergling x12  
  187  12:10  Spire  
  187  12:13  Hydralisk x4  
  184  12:35  Extractor x2  
  177  12:38  Hydralisk x5, Zergling x16  
  177  12:39  Zergling x8  
  199  12:49  Hydralisk  
  199  12:50  Hydralisk x4  
  153  12:59  Baneling x24  
  153  13:01  Hydralisk x3  
  160  13:05  Zergling x4  
  160  13:06  Zergling x6  
  160  13:10  Zergling x6  
Show
View Real Time Build Order
Export as new Build Order

DnS Protoss - Winner!

Build Orders: 1 Gate Expand, Oracle Opening 

Get SALT Encoding   

  12  0:00  Probe  
  13  0:12  Probe  
  14  0:20  Pylon  
  14  0:24  Probe  
  15  0:38  Probe (Chrono Boost)  
  16  0:44  Gateway  
  16  0:47  Probe (Chrono Boost)  
  17  0:50  Assimilator  
  17  0:52  Probe  
  18  1:04  Probe  
  19  1:17  Probe  
  20  1:27  Nexus  
  20  1:38  Cybernetics Core  
  20  1:42  Probe  
  21  1:49  Assimilator  
  21  1:54  Probe  
  21  1:58  Pylon  
  22  2:06  Probe (Chrono Boost)  
  23  2:13  Adept (Chrono Boost)  
  23  2:18  Probe (Chrono Boost)  
  23  2:20  Stargate  
  26  2:24  Probe (Chrono Boost)  
  27  2:30  Warp Gate  
  27  2:36  Adept  
  30  2:40  Probe x2 (Chrono Boost)  
  31  2:49  Probe (Chrono Boost)  
  31  2:51  Probe (Chrono Boost)  
  33  2:54  Probe (Chrono Boost)  
  33  2:56  Void Ray (Chrono Boost)  
  34  3:00  Probe  
  39  3:06  Probe  
  39  3:12  Probe  
  41  3:17  Pylon  
  41  3:18  Probe  
  42  3:23  Gateway  
  42  3:24  Probe  
  43  3:31  Oracle  
  46  3:35  Probe  
  46  3:38  Probe  
  46  3:39  Assimilator  
  48  3:41  Assimilator  
  48  3:46  Pylon  
  48  3:47  Probe (Chrono Boost), Adept  
  51  3:55  Probe (Chrono Boost)  
  52  3:59  Pylon  
  52  4:00  Probe (Chrono Boost)  
  53  4:05  Probe (Chrono Boost)  
  53  4:06  Probe (Chrono Boost)  
  55  4:16  Probe x2  
  57  4:23  Stargate  
  57  4:24  Fleet Beacon  
  57  4:26  Adept  
  57  4:28  Probe x2  
  57  4:29  Pylon  
  61  4:40  Probe  
  61  4:45  Nexus  
  62  4:50  Pylon  
  62  4:51  Probe  
  62  4:52  Probe  
  64  5:00  Pylon  
  64  5:03  Probe  
  64  5:04  Probe  
  66  5:11  Carrier (Chrono Boost)  
  72  5:17  Carrier (Chrono Boost)  
  78  5:22  Probe x2  
  80  5:34  Probe x2  
  82  5:46  Probe, Shield Battery  
  82  5:47  Probe  
  84  5:51  Protoss Air Weapons Level 1  
  84  5:52  Pylon  
  84  5:54  Pylon  
  84  5:57  Forge  
  84  5:58  Probe  
  84  5:59  Probe  
  84  6:00  Probe  
  87  6:10  Probe  
  87  6:11  Probe  
  95  6:12  Probe  
  95  6:13  Carrier (Chrono Boost)  
  95  6:14  Carrier (Chrono Boost)  
  102  6:20  Assimilator  
  102  6:22  Probe  
  102  6:23  Assimilator  
  102  6:24  Probe  
  104  6:25  Probe  
  104  6:30  Pylon  
  105  6:34  Probe  
  105  6:36  Protoss Ground Weapons Level 1  
  105  6:39  Twilight Council  
  108  6:41  Robotics Facility  
  108  6:47  Probe  
  107  7:01  Void Ray (Chrono Boost)  
  107  7:02  Gateway  
  107  7:04  Gateway, Void Ray (Chrono Boost)  
  107  7:05  Gateway  
  115  7:08  Gateway  
  115  7:10  Pylon  
  115  7:13  Flux Vanes  
  115  7:14  Gateway x2  
  115  7:20  Charge (Chrono Boost)  
  115  7:27  Shield Battery  
  115  7:28  Immortal (Chrono Boost)  
  115  7:33  Shield Battery  
  115  7:34  Photon Cannon, Zealot  
  115  7:35  Sentry  
  120  7:48  Templar Archives  
  120  7:55  Pylon  
  120  8:03  Gateway, Protoss Air Weapons Level 2 (Chrono Boost)  
  120  8:04  Gateway  
  120  8:07  Psionic Storm  
  120  8:10  Nexus  
  120  8:12  Pylon  
  120  8:15  Zealot x2  
  120  8:16  Immortal  
  128  8:21  Pylon  
  128  8:24  Zealot x2  
  128  8:25  Zealot x2  
  136  8:29  High Templar  
  137  8:34  High Templar  
  139  8:42  High Templar x2  
  143  8:55  Photon Cannon  
  143  8:57  Photon Cannon, Zealot x3  
  143  9:00  Photon Cannon  
  143  9:01  High Templar x2  
  143  9:02  Zealot x2  
  153  9:05  Archon  
  153  9:09  Zealot  
  151  9:13  Cybernetics Core  
  151  9:15  Zealot x2  
  150  9:19  Zealot x3  
  136  9:25  Zealot x2  
  130  9:35  Zealot x3  
  130  9:38  Archon  
  132  9:39  Zealot x2  
  132  9:44  High Templar  
  132  9:45  High Templar  
  130  9:48  High Templar x2  
  130  9:58  High Templar x2  
  134  10:02  Zealot  
  134  10:03  Archon  
  134  10:05  Gateway, Zealot x2  
  134  10:06  Protoss Ground Weapons Level 2 (Chrono Boost)  
  140  10:17  Zealot x2  
  144  10:21  High Templar  
  145  10:37  High Templar x2  
  145  10:41  Archon  
  149  10:44  Nexus  
  149  10:47  Pylon, Immortal (Chrono Boost)  
  149  10:58  Pylon  
  149  11:00  Pylon  
  149  11:08  High Templar x2  
  149  11:09  Probe x2  
  149  11:10  Probe  
  156  11:12  Shield Battery  
  156  11:14  Photon Cannon  
  156  11:15  Archon  
  156  11:18  Pylon  
  156  11:19  Observer  
  157  11:29  Assimilator  
  157  11:30  High Templar  
  157  11:31  High Templar  
  159  11:35  Archon, Assimilator  
  159  11:38  High Templar x2  
  159  11:39  Zealot x4  
  171  11:42  Archon  
  169  11:53  Warp Prism (Chrono Boost)  
  171  11:58  High Templar  
  171  11:59  High Templar  
  171  12:00  Photon Cannon  
  169  12:03  Gateway  
  169  12:05  Archon  
  169  12:07  Probe x2, Gateway x2  
  169  12:16  Zealot x5  
  169  12:20  Zealot  
  173  12:30  Zealot x2  
  173  12:36  High Templar x4  
  179  12:40  Archon x2  
  163  12:55  Zealot  
  163  12:56  Zealot x2  
  169  13:02  High Templar x2, Zealot x3  
  169  13:03  Zealot  
  181  13:06  Archon  
Tags
 
Add a new tag
Caveats
  • Supply blocks, unpowered buildings, or Contaminate may cause inaccurate times.
  • Supply counts are checked every 10 seconds.